Workbook
Name _Hlk24883099: Matriz!$A$5
Name _Hlk500085866: Instrucciones!$A$30
Name _Toc17790525: Tabla!$A$5
Name _Toc17790526: Tabla!$J$46
Name _Toc17790527: Tabla!$B$51
Name _Toc17790530: Tabla!$J$18
Name _Toc17790531: Tabla!$J$42
Name a: [1]Hoja2!$G$15:$I$39
Name a: [1]Hoja2!$G$15:$I$39
Name a: [2]Hoja2!$G$15:$I$39
Name zona_riesgo: [1]Hoja2!$G$15:$I$39
Name zona_riesgo: [1]Hoja2!$G$15:$I$39
Name zona_riesgo: [3]Hoja2!$G$15:$I$39

Sheet Matriz
E1: MATRIZ DE RIESGO CONTRACTUALES | W1: Código: GAB-FT046
E2: GESTIÓN DEL ABASTECIMIENTO | W2: Versión: 001
A5: Identificación | K5: Análisis y Valoración | P5: Tratamiento | X5: Monitoreo y revisión
A6: N° | B6: Proceso Contractual | C6: Fecha de identificación | D6: Descripción | G6: Clase | H6: Fuente | I6: Etapa | J6: Tipo | K6: Estimación riesgo sin tratamientos | O6: Responsable del Riesgo | P6: Tratamiento / Control a ser implementado | Q6: Estimación riesgo con tratamientos propuestos | U6: Responsable del Tratamiento | V6: ¿Cuándo se inicia el tratamiento? | W6: ¿Cuándo se completa el tratamiento? | X6: ¿Cómo se realiza el monitoreo? | Y6: Periodicidad
D7: Descripción del Riesgo | E7: ¿Cuál puede ser la causa, el origen, o fuente del riesgo? | F7: ¿Cuáles pueden ser los efectos o consecuencias de la ocurrencia del riesgo? | K7: Probabilidad | L7: Impacto | M7: Valoración | N7: categoría | Q7: Probabilidad | R7: Impacto | S7: Valoración luego del tratamiento | T7: categoría
A8: 1 | B8: Logística prueba saber Pro y TyT 2021 | C8: 44250 | D8: Se presenta por la expedición de normas que impongan nuevos tributos, impuestos o cargas parafiscales, que pueden afectar el equilibrio económico del contrato. | E8: Cuando se presenta y se declara una emergencia económica, social y ecológica, o cuando existen reformas tributarias por diferentes causas como desempleo, inflación, etc. | F8: Genera una carga adicional a las previstas, que puede afectar a cualquiera o a las dos partes del contrato. | G8: general | H8: externa | I8: contractual | J8: Regulatorios y Acciones Legales | K8: 2 | L8: 2 | M8: =+K8*L8 -> 4 | N8: =IF(M8<=3,"Bajo",IF(M8=4,"Moderado",IF(M8=5,"Moderado",IF(M8=6,"Moderado",IF(M8=7,"Alto",IF(M8=8,"Alto",IF(M8=9,"Alto",IF(M8=10,"Alto",IF(M8=11,"Alto",IF(M8=12,"Alto",IF(M8>=15,"Extremo"))))))))))) -> Moderado | O8: Icfes / Contratista | P8: Aplicación inmediata de las disposiciones legales y ajuste de los procesos internos de la entidad, y negociación en caso de requerirse modificación del contrato | Q8: 1 | R8: 1 | S8: =+Q8*R8 -> 1 | T8: =IF(S8<=3,"Bajo",IF(S8=4,"Moderado",IF(S8=5,"Moderado",IF(S8=6,"Moderado",IF(S8=7,"Alto",IF(S8=8,"Alto",IF(S8=9,"Alto",IF(S8=10,"Alto",IF(S8=11,"Alto",IF(S8=12,"Alto",IF(S8>=15,"Extremo"))))))))))) -> Bajo | U8: Icfes / Contratista | V8: Desde la fecha de la suscripción del acta de inicio | W8: Hasta finalizar el plazo de ejecución del contrato | X8: Permanente consulta y actualización normativa | Y8: Cada vez que se requiera
A9: 2 | B9: Logística prueba saber Pro y TyT 2021 | C9: 44250 | D9: Variación en los precios de mercado de los insumos, actividades, sistemas de distribución de transporte, entre otros, necesarios para cumplir con el objeto y las obligaciones pactadas. | E9: Directrices establecidas por las autoridades | F9: Aumento del precio | G9: específico | H9: externa | I9: contractual | J9: Financieros | K9: 2 | L9: 2 | M9: =+K9*L9 -> 4 | N9: =IF(M9<=3,"Bajo",IF(M9=4,"Moderado",IF(M9=5,"Moderado",IF(M9=6,"Moderado",IF(M9=7,"Alto",IF(M9=8,"Alto",IF(M9=9,"Alto",IF(M9=10,"Alto",IF(M9=11,"Alto",IF(M9=12,"Alto",IF(M9>=15,"Extremo"))))))))))) -> Moderado | O9: Contratista | P9: Acogerse a los valores unitarios ofertados como fijos, y que no esté sujeto a las variaciones del precio de los insumos requeridos en el mercado. | Q9: 1 | R9: 1 | S9: =+Q9*R9 -> 1 | T9: =IF(S9<=3,"Bajo",IF(S9=4,"Moderado",IF(S9=5,"Moderado",IF(S9=6,"Moderado",IF(S9=7,"Alto",IF(S9=8,"Alto",IF(S9=9,"Alto",IF(S9=10,"Alto",IF(S9=11,"Alto",IF(S9=12,"Alto",IF(S9>=15,"Extremo"))))))))))) -> Bajo | U9: Icfes | V9: Desde el inicio de ejecución. | W9: Hasta finalizar el contrato | X9: Verificación por parte del supervisor del contrato que los valores facturados correspondan con los ofertados por el contratista en el proceso de contratción. | Y9: Cada vez que se requiera
A10: 3 | B10: Logística prueba saber Pro y TyT 2021 | C10: 44250 | D10: Ausencia, insuficiencia o alta rotación de personal del contratista | E10: Fallas por parte del contratista en materia laboral o contractiual relacionadas con el personal destinado para la ejecución del contrato con el Icfes. | F10: Demoras en la consecución de nuevo personal que apoye la logística contratada. | G10: específico | H10: externa | I10: contractual | J10: Operacionales | K10: 2 | L10: 3 | M10: =+K10*L10 -> 6 | N10: =IF(M10<=3,"Bajo",IF(M10=4,"Moderado",IF(M10=5,"Moderado",IF(M10=6,"Moderado",IF(M10=7,"Alto",IF(M10=8,"Alto",IF(M10=9,"Alto",IF(M10=10,"Alto",IF(M10=11,"Alto",IF(M10=12,"Alto",IF(M10>=15,"Extremo"))))))))))) -> Moderado | O10: Contratista | P10: Seguimiento del plan operativo de ejecución por parte del supervisor del contrato y elaboración de plan de mejoras en caso de requerirse. | Q10: 2 | R10: 2 | S10: =+Q10*R10 -> 4 | T10: =IF(S10<=3,"Bajo",IF(S10=4,"Moderado",IF(S10=5,"Moderado",IF(S10=6,"Moderado",IF(S10=7,"Alto",IF(S10=8,"Alto",IF(S10=9,"Alto",IF(S10=10,"Alto",IF(S10=11,"Alto",IF(S10=12,"Alto",IF(S10>=15,"Extremo"))))))))))) -> Moderado | U10: Icfes | V10: Desde la fecha de la suscripción del acta de inicio | W10: Hasta finalizar el plazo de ejecución del contrato | X10: Actas de Seguimiento del contrato | Y10: Permanente
A11: 4 | B11: Logística prueba saber Pro y TyT 2021 | C11: 44250 | D11: Pérdida de material de examen, cuestionarios y preguntas o ítems durante la ejecución del contrato incluidas las USB | E11: Falta de capacitación del personal encargado de vigilar la aplicación de la prueba, o descuido por parte de este personal en cumplimiento de los protocolos de seguridad. | F11: Afectación en la imagen de la entidad. Perjuicios causados a la Entidad por la no utilización de los ítems de los cuadernillos perdidos, ya que constituyen activos de información para el Icfes. | G11: específico | H11: externa | I11: contractual | J11: Operacionales | K11: 5 | L11: 4 | M11: =+K11*L11 -> 20 | N11: =IF(M11<=3,"Bajo",IF(M11=4,"Moderado",IF(M11=5,"Moderado",IF(M11=6,"Moderado",IF(M11=7,"Alto",IF(M11=8,"Alto",IF(M11=9,"Alto",IF(M11=10,"Alto",IF(M11=11,"Alto",IF(M11=12,"Alto",IF(M11>=15,"Extremo"))))))))))) -> Extremo | O11: Contratista | P11: Reducir consecuencias y probabilidades mediante la aplicación del protocolo de seguridad. Aplicar el polinomio para la estimación de perjuicios por pérdidas de cuestionarios y preguntas o ítems de las pruebas que realiza el Icfes. | Q11: 2 | R11: 3 | S11: =+Q11*R11 -> 6 | T11: =IF(S11<=3,"Bajo",IF(S11=4,"Moderado",IF(S11=5,"Moderado",IF(S11=6,"Moderado",IF(S11=7,"Alto",IF(S11=8,"Alto",IF(S11=9,"Alto",IF(S11=10,"Alto",IF(S11=11,"Alto",IF(S11=12,"Alto",IF(S11>=15,"Extremo"))))))))))) -> Moderado | U11: Icfes / Contratista | V11: Desde la fecha de la suscripción del acta de inicio | W11: Hasta finalizar el plazo de ejecución del contrato | X11: Reuniones de seguimiento con el operador dejando como evidencia las actas de reunión y los informes de supervisión | Y11: Permanente
A12: 5 | B12: Logística prueba saber Pro y TyT 2021 | C12: 44250 | D12: Alteraciones al Orden público, huelgas, asonada, manifestaciones que no permitan el desarrollo de las actividades del contrato | E12: Alteraciones al Orden público, huelgas, asonada, manifestaciones. | F12: Indisponibilidad de los servicios requeridos por la entidad | G12: general | H12: interna | I12: contractual | J12: Operacionales | K12: 3 | L12: 3 | M12: =+K12*L12 -> 9 | N12: =IF(M12<=3,"Bajo",IF(M12=4,"Moderado",IF(M12=5,"Moderado",IF(M12=6,"Moderado",IF(M12=7,"Alto",IF(M12=8,"Alto",IF(M12=9,"Alto",IF(M12=10,"Alto",IF(M12=11,"Alto",IF(M12=12,"Alto",IF(M12>=15,"Extremo"))))))))))) -> Alto | O12: Icfes / Contratista | P12: Modificar los planes de trabajo y verificación de planes de contingencia | Q12: 5 | R12: 2 | S12: =+Q12*R12 -> 10 | T12: =IF(S12<=3,"Bajo",IF(S12=4,"Moderado",IF(S12=5,"Moderado",IF(S12=6,"Moderado",IF(S12=7,"Alto",IF(S12=8,"Alto",IF(S12=9,"Alto",IF(S12=10,"Alto",IF(S12=11,"Alto",IF(S12=12,"Alto",IF(S12>=15,"Extremo"))))))))))) -> Alto | U12: Icfes / Contratista | V12: Desde la fecha de la suscripción del acta de inicio | W12: Hasta finalizar el plazo de ejecución del contrato | X12: Verificación de las circunstancias por parte del supervisor del contrato | Y12: Cada vez que se requiera
A13: 6 | B13: Logística prueba saber Pro y TyT 2021 | C13: 44250 | D13: Cambio de fecha de aplicación de las pruebas a causa de la expedición de normas por el Gobierno Nacional, Departamental o Municipal con ocasión del Covid 19. | E13: Covid-19 o cualquier otra causa natural o artificial que implique expedición de normas que den lugar a cambio de fechas de aplicación | F13: incremento de los costos de operación del contratista para la aplicación de la prueba. Posible desequilibrio económico del contrato | G13: específico | H13: externa | I13: contractual | J13: Operacionales | K13: 4 | L13: 6 | M13: =+K13*L13 -> 24 | N13: =IF(M13<=3,"Bajo",IF(M13=4,"Moderado",IF(M13=5,"Moderado",IF(M13=6,"Moderado",IF(M13=7,"Alto",IF(M13=8,"Alto",IF(M13=9,"Alto",IF(M13=10,"Alto",IF(M13=11,"Alto",IF(M13=12,"Alto",IF(M13>=15,"Extremo"))))))))))) -> Extremo | O13: Icfes / Contratista | P13: Reducir las consecuencias o el impacto del Riesgo, incluyendo un plan de alternativas de ejecución de las actividades específicas, que mitiguen el riesgo durante la ejecución del contrato y que mantengan los valores unitarios de la oferta económica del mismo. Negociación al momento de presentarse la situación y analizar cuales son los gastos incurridos y soportados | Q13: 3 | R13: 2 | S13: =+Q13*R13 -> 6 | T13: =IF(S13<=3,"Bajo",IF(S13=4,"Moderado",IF(S13=5,"Moderado",IF(S13=6,"Moderado",IF(S13=7,"Alto",IF(S13=8,"Alto",IF(S13=9,"Alto",IF(S13=10,"Alto",IF(S13=11,"Alto",IF(S13=12,"Alto",IF(S13>=15,"Extremo"))))))))))) -> Moderado | U13: Icfes / Contratista | V13: Desde la fecha de la suscripción del acta de inicio | W13: Hasta finalizar el plazo de ejecución del contrato | X13: Verificación de las circunstancias por parte del supervisor del contrato Seguimiento plan de alternativas | Y13: Cada vez que se requiera
A14: 7 | B14: Logística prueba saber Pro y TyT 2021 | C14: 44250 | D14: Variación sustancial de las cantidades de pruebas a ejecutar por disminución de los examinandos. Reducción que podría ser de hasta el 30% | E14: Cualquier causa natural o artificial que implique expedición de normas que den lugar a que se presente ausentismo | F14: Disminución en los costos del contrato. | G14: específico | H14: externa | I14: contractual | J14: Operacionales | K14: 5 | L14: 6 | M14: 30 | N14: =IF(M14<=3,"Bajo",IF(M14=4,"Moderado",IF(M14=5,"Moderado",IF(M14=6,"Moderado",IF(M14=7,"Alto",IF(M14=8,"Alto",IF(M14=9,"Alto",IF(M14=10,"Alto",IF(M14=11,"Alto",IF(M14=12,"Alto",IF(M14>=15,"Extremo"))))))))))) -> Extremo | O14: Icfes / Contratista | P14: Reducir las consecuencias o el impacto del Riesgo, estableciendo claramente los costos para la aplicación de las pruebas, que mitiguen el riesgo durante la ejecución del contrato y que mantengan los valores unitarios de la oferta económica del mismo. | Q14: 3 | R14: 2 | S14: =+Q14*R14 -> 6 | T14: =IF(S14<=3,"Bajo",IF(S14=4,"Moderado",IF(S14=5,"Moderado",IF(S14=6,"Moderado",IF(S14=7,"Alto",IF(S14=8,"Alto",IF(S14=9,"Alto",IF(S14=10,"Alto",IF(S14=11,"Alto",IF(S14=12,"Alto",IF(S14>=15,"Extremo"))))))))))) -> Moderado | U14: Icfes / Contratista | V14: Durante la ejecución del contrato | W14: Hasta la terminación del contrato | X14: Mediante actas de comité | Y14: Cada vez que se requiera
A20: Este es un documento controlado; una vez se descargue o se imprima se considera NO CONTROLADO
AF113: clase | AG113: fuente | AH113: etapa | AI113: tipo | AJ113: probabilidad | AK113: impacto | AL113: valoración | AM113: Responsable | AN113: Periodicidad
AF114: general | AG114: interna | AH114: planeación | AI114: Económicos | AJ114: casi cierto | AK114: catastrófico | AL114: riesgo bajo | AM114: Icfes | AN114: Diaria
AF115: específico | AG115: externa | AH115: precontractual | AI115: Comercial | AJ115: probable | AK115: mayor | AL115: riesgo moderado | AM115: Contratista | AN115: Mensual
AH116: contractual | AI116: Tecnológicos e Infraestructura pública | AJ116: posible | AK116: moderado | AL116: riesgo alto | AM116: Icfes / Contratista | AN116: Trimestral
AH117: liquidación | AI117: Sociales y Políticos | AJ117: improbable | AK117: menor | AL117: riesgo extremo | AN117: Semestral
AI118: Actos de la naturaleza | AJ118: improbable | AK118: menor | AN118: Anual
AI119: Hecho de las cosas | AJ119: improbable | AK119: menor | AN119: Permanente
AI120: Operacionales | AJ120: raro | AK120: insignificante | AN120: Cada vez que se requiera
AI121: Financieros
AI122: Regulatorios y Acciones Legales
AI123: Reputacional
AI124: Corrupción y Fraudes

Sheet Instrucciones
D1: INSTRUCCIONES PARA EL DILIGENCIAMIENTO DE LA MATRIZ DE RIESGOS CONTRACTUALES | R1: Código: GAB-FT046
D2: GESTIÓN DEL ABASTECIMIENTO | R2: Versión: 001
A4: Para la identificación de los riesgos tenga en cuenta las siguientes definiciones:
A10: Riesgo: Posibilidad de que suceda algún evento que tendrá un impacto sobre el cumplimiento de los objetivos. Se expresa en términos de probabilidad y consecuencias. Riesgo Inherente: Es aquel al que se enfrenta una entidad en ausencia de acciones de la dirección para modificar su probabilidad o impacto. Riesgo Residual: Nivel de riesgo que permanece luego de tomar medidas de tratamiento del riesgo. El riesgo en su tendencia más común es valorado como una amenaza, en este sentido, los esfuerzos institucionales se dirigen a reducirlo, evitarlo, transferirlo o mitigarlo; sin embargo, el riesgo puede ser analizado como una oportunidad, lo cual implica que su gestión sea dirigida a maximizar los resultados que éstos generan. Riesgo de Corrupción: La posibilidad de que por acción u omisión, mediante el uso indebido del poder, de los recursos o de la información, se lesionen los intereses de una entidad y en consecuencia del Estado, para la obtención de un beneficio particular”.
A11: Clases de Riesgos:
A13: El Riesgo está vinculado con todo el quehacer; se podría afirmar que no hay actividad que deje de incluir el riesgo como una posibilidad. Los riesgos no son sólo de carácter económico o están únicamente relacionados con entidades financieras o con lo que se ha denominado riesgos profesionales; éstos hacen parte de cualquier gestión que se realice. Entre las clases de riesgos que pueden presentarse, se encuentran: a)Riesgos Económicos: Corresponde a riesgos derivados de alteraciones y fluctuaciones en la tasa de cambio de moneda extranjera, comportamiento de la inflación, variaciones en el comercio nacional e internacional, medidas y trámites de importaciones y exportaciones. Oferta y/o demanda de bienes, materiales, insumos, o servicios, disponibilidad y costo de mano de obra especializada necesarios o requeridos para la ejecución del contrato. b) Comercial: Comprende los riesgos asociados a la pérdida de mercado o demanda del bien o servicio, puede ser causado por fallas propias en la operación, cambios en las condiciones y o características propias del mercado, competencia, substitutos, entre otros. c) Tecnológicos e Infraestructura pública: Se contemplan los riesgos que podrían ocurrir por fallas en los sistemas de telecomunicación de voz y de datos, suspensión de servicios públicos, advenimiento de nuevos desarrollos tecnológicos o estándares que deben ser tenidos en cuenta para la ejecución del contrato, así como la obsolescencia tecnológica. Así mismo, se considera la operatividad y estado de las vías de acceso, la disponibilidad de medios de transporte adecuados para transitar y acceder a los sitios para ejecutar las actividades propias del contrato.
A14: d) Sociales y Políticos: Son los riesgos derivados de los cambios de las políticas gubernamentales y de cambios en las condiciones sociales. Así mismo se consideran los riesgos que sean generados por la alteración del orden público, los actos de terrorismo y actos de delincuencia común que sean cometidos al amparo de fallas de los sistemas de vigilancia y control que se deban implementar y mantener adecuadamente, actividad proselitista, huelgas, y protestas frente a las cuales se debe mantener una actitud de diligencia y cuidado adecuados. También se consideran aquí las costumbres y usos culturales, religiosos y creencias de las personas que se afectan, benefician, o influyen de la ejecución del contrato. e) Actos de la naturaleza: Se refiere a los riesgos que se presenten por actos de la naturaleza, por ejemplo, temblores, terremotos, lluvias, inundaciones, altas temperaturas, sequías, y en general fenómenos geológicos, freáticos, hidrológicos y climáticos. También se consideran incendios forestales, eventos biológicos y patológicos, acción de roedores y otros animales. f) Hecho de las cosas: En este tipo de riesgos se incluyen los que ocurran por incendios, roturas, caídas, colapso, filtraciones, derrames, explosiones, falla mecánica, todos de carácter súbito y accidental, pero cuyo desarrollo debe ser considerado en ejecución del contrato. Los que se presenten por falta de diligencia y extremo cuidado, al igual que los que se deriven de fallas de los sistemas de vigilancia y control que deben ser implementados y mantenidos. g) Operacionales: Son aquellos riesgos derivados durante el desarrollo de procesos, procedimientos, actividades, equipos humanos o técnicos inadecuados o insuficientes. En esta clasificación se incluyen también los riesgos que ocurran por accidentes laborales, enfermedad profesional, muerte, suficiencia y ausentismo del personal del contratista, así como falta de personal clave, actos de empleados ya sean voluntarios o culposos, consecuencia de impericia o falta de habilidades y conocimientos en el manejo de equipos, maquinaria, herramientas y aparatos.
A15: h) Financieros: En este tipo, se incluye (i) el riesgo de consecución de financiación o riesgo de liquidez para obtener recursos para cumplir con el objeto del contrato, el pago de bienes que sean sujetos de disposición final, y (ii) el riesgo de las condiciones financieras establecidas para la obtención de los recursos, tales como plazos, tasas de interés, garantías, contragarantías, y refinanciaciones, entre otros. i) Regulatorios y Acciones Legales: Se refiere a riesgos derivados de cambios regulatorios o reglamentarios que deben ser cumplidos en el marco de la ejecución de un contrato; nuevas normas o disposiciones legales que ya se conocen pero que aún no han entrado en vigor; impuestos, cargas parafiscales, tributos y timbres, estampillas o cargos de origen impositivo de los bienes o servicios necesarios para el contrato; actos de autoridad, comiso, embargo, confiscación y extinción de dominio de bienes. Se incluyen también licencias, permisos y derechos de autor o propiedad intelectual de obras, software, aplicaciones informáticas, entre otros productos. j) Reputacional: En este tipo de riesgos se incluyen acciones, errores u omisiones en los procesos de contratación que afectar la imagen o generen en la ciudadanía percepciones negativas del Icfes. k) Corrupción y Fraudes: Los riesgos derivados de acciones u omisiones, uso indebido del poder, de los recursos o de la información, que lesionen los intereses de la Entidad, para la obtención de un beneficio particular.
A16: ANALISIS Y VALORACIÓN DEL RIESGO Ver numeral del Manual de Riesgos
A18: ANÁLISIS DEL RIESGO: Formato Columnas K-O Se busca establecer la probabilidad de ocurrencia del riesgo y sus consecuencias o impacto, con el fin de estimar la zona de riesgo; en 3 pasos: Determinar la probabilidad: Por PROBABILIDAD se entiende la posibilidad de ocurrencia del riesgo, ésta puede ser medida con criterios de Frecuencia o Factibilidad. Bajo el criterio de FRECUENCIA se analizan el # eventos en un periodo determinado, se trata de hechos que se han materializado o se cuenta con un historial de situaciones o eventos asociados al riesgo. Determinar el impacto: Por IMPACTO se entienden las consecuencias que puede ocasionar a la organización la materialización del riesgo. Se tienen en cuenta las consecuencias potenciales establecidas en el paso 1 de Identificación del riesgo Estimar la valoración: El ejercicio en esta etapa consiste en la comparación del nivel de riesgo estimado en el análisis y de los criterios del riesgo establecidos al definir el contexto. Este campo se encuentra formulado de manera automático.
A19: TRATAMIENTO DEL RIESGO Ver numeral del Manual de Riesgos
A21: TRATAMIENTO DEL RIESGO: Formato Columnas Q-U Se busca confrontar los resultados del análisis de riesgo inicial frente a los controles establecidos, con el fin de determinar la zona de riesgo final. La valoración del riesgo requiere de una evaluación de los controles existentes, lo cual implica: Determinar si los controles están documentados: de forma tal que es posible conocer cómo se lleva a cabo el control, quién es el responsable de su ejecución y cuál es la periodicidad para su ejecución, lo cual determinará las evidencias que van a respaldar la ejecución del mismo.
A22: MONITOREO Y REVISIÓN Ver numeral del Manual de Riesgos
A24: Proponer las acciones para prevenir y mitigar la materialización del riesgo de acuerdo con la valoración del riesgo, indicando ¿cómo? se realiza el monitoreo y su periodicidad.
A25: Este es un documento controlado; una vez se descargue o se imprima se considera NO CONTROLADO

Sheet Tabla
D1: TABLAS PARA EL ANÁLISIS Y VALORACIÓN DE LA MATRIZ DE RIESGOS CONTRACTUALES | Q1: Código: GAB-FT046
D2: GESTIÓN DEL ABASTECIMIENTO | Q2: Versión: 001
H6: Escala de probabilidades
H7: PROBABILIDAD | I7: VALORACIÓN | J7: DESCRIPTOR | L7: DESCRIPCIÓN | N7: FRECUENCIA
I8: 5 | J8: CASI CIERTO | L8: Se espera que el evento ocurra en la mayoría de las circunstancias. | N8: Se ha presentado más de una vez al año
I9: 4 | J9: PROBABLE | L9: El evento probablemente ocurrirá en la mayoría de las circunstancias. | N9: Se presentó una vez en el último año.
I10: 3 | J10: POSIBLE | L10: El evento podría ocurrir en algún momento. | N10: Se presentó una vez en los últimos 2 años
I11: 2 | J11: IMPROBABLE | L11: El evento puede ocurrir en algún momento. | N11: Se presentó una vez en los últimos 5 años
I12: 1 | J12: RARO | L12: El evento puede ocurrir solo en circunstancias excepcionales. | N12: No se ha presentado en los últimos 5 años.
H16: Escala cuantitativa de consecuencias/Impacto
H17: Valoración | J17: Los sobrecostos no superan el 1% del valor del contrato. | K17: Genera impacto sobre el valor del contrato entre el 1% y el 5%. | L17: Genera impacto sobre el valor del contrato entre el 5% y el 15%. | M17: Genera impacto sobre el valor del contrato entre el 15% y el 30%. | N17: El impacto sobre el valor del contrato es superior al 30%.
J18: 1 | K18: 2 | L18: 3 | M18: 4 | N18: 5
H19: Calificación Cuantitativa | J19: Insignificante | K19: Menor | L19: Moderado | M19: Mayor | N19: Catastrófico
J20: Consecuencias/Impacto
H23: Escala cualitativa de consecuencias/Impacto
H24: Valoración | J24: Dificulta la ejecución del contrato de manera insignificante. No requiere necesariamente la aplicación de medidas. | K24: Dificulta la ejecución del contrato de manera baja. Aplicando medidas mínimas se puede lograr el objeto contractual. | L24: Afecta la ejecución del contrato moderadamente, sin alterar los beneficios para las partes. | M24: Obstruye la ejecución del contrato sustancialmente pera aun así permite la consecución del objeto contractual. | N24: Perturba la ejecución del contrato de manera grave imposibilitando la consecución del objeto contractual.
J25: 1 | K25: 2 | L25: 3 | M25: 4 | N25: 5
H26: Calificación Cualitativa | J26: Insignificante | K26: Menor | L26: Moderado | M26: Mayor | N26: Catastrófico
J27: Consecuencias/Impacto
H31: Matriz de riesgos
H32: Probabilidad | I32: Casi Cierto | J32: 5 | K32: 5 | L32: 10 | M32: 15 | N32: 20 | O32: 25
I33: Probable | J33: 4 | K33: 4 | L33: 8 | M33: 12 | N33: 16 | O33: 20
I34: Posible | J34: 3 | K34: 3 | L34: 6 | M34: 9 | N34: 12 | O34: 15
I35: Improbable | J35: 2 | K35: 2 | L35: 4 | M35: 6 | N35: 8 | O35: 10
I36: Raro | J36: 1 | K36: 1 | L36: 2 | M36: 3 | N36: 4 | O36: 5
K37: 1 | L37: 2 | M37: 3 | N37: 4 | O37: 5
K38: Insignificante | L38: Menor | M38: Moderado | N38: Mayor | O38: Catastrófico
K39: Consecuencias/Impacto
J42: Valoración de riesgos
J43: Valoración del riesgo | L43: Categoría
J44: 15; 16; 20; 25. | L44: Riesgo Extremo
J45: 8; 9; 10; 12. | L45: Riesgo alto
J46: 4; 5; 6. | L46: Riesgo moderado
J47: 1; 2; 3. | L47: Riesgo bajo
A51: Este es un documento controlado; una vez se descargue o se imprima se considera NO CONTROLADO

Sheet Seguimiento
B1: SEGUIMIENTO A RIESGOS EN PROCESOS CONTRACTUALES | C1: Código: GAB-FT046
B2: GESTIÓN DEL ABASTECIMIENTO | C2: Versión: 001
B6: Metodología para el seguimiento a Riesgos contractuales
B7: A continuación se presentan los parámetros a tener en cuenta en el seguimiento y evaluación de la gestión de riesgos en cada proceso contractual:
B9: EVALUACION EFICACIA: la eficacia se define como el grado en que se realizan las actividades para el cumplimiento de los objetivos y/o resultados planificados; en este caso se evaluó que cada proceso haya cumplido con la política de administración de riesgos y específicamente el avance en el cumplimiento de las acciones que se vienen ejecutando y que se planearon para el control de los riesgos sobre el total de acciones definidas para cumplir en el periodo objeto de seguimiento así:
B10: AVANCE EN EL CUMPLIMIENTO DE LAS ACCIONES= Total de las acciones cumplidas / Total de acciones definidas para cumplir en el período
B12: EVALUACIÓN EFECTIVIDAD. La efectividad se define como medida del impacto de la gestión tanto en el logro de los resultados planificados, como en el manejo de los recursos utilizados y disponibles. En este caso, medimos el impacto de las acciones y/o barreras de control y la efectividad para que el riesgo no se materialice.
B13: EFECTIVIDAD EN LA GESTION DE LOS RIESGOS = NO Materialización del Riesgo - SI Materialización del Riesgo
B15: INDICE DE GESTION DEL RIESGO
B16: corresponde a la sumatoria del 30% de la Implementación de acciones (+) el 70% de la Materialización Riesgo. Para obtener el 100% de la medición del monitoreo y valoración del riesgo.
B18: Índice de Gestión del Riesgo contractual
B19: Eficacia – Cumplimiento de Acciones de control | C19: 0.3
B20: Efectividad – NO Materialización del Riesgo | C20: 0.7
B21: TOTAL | C21: 1
B23: De acuerdo con la matriz de calificación establecidas para eficacia y efectividad, se calcula la gestión total del proceso. El resultado de la gestión de cada proceso contractual se establece en los siguientes rangos:
A24: Gestión De Riesgos contractuales
A25: Cumplió | C25: 90 – 100
A26: Cumplió parcialmente | C26: 60 – 89
A27: No Cumplió | C27: 0 – 59
A28: Este es un documento controlado; una vez se descargue o se imprima se considera NO CONTROLADO

Sheet Monitoreo
D1: MONITOREO A RIESGOS EN PROCESOS CONTRACTUALES | P1: Código: GAB-FT046
D2: GESTIÓN DEL ABASTECIMIENTO | P2: Versión: 001
AF5: SI
B6: MONITOREO Y REVISIÓN | J6: EFICACIA | N6: EFECTIVIDAD | AF6: NO
B7: Proceso Contractual | C7: Fecha de identificación | D7: Tratamiento / Control a ser implementado | E7: ¿Cuándo se inicia el tratamiento? | F7: ¿Cuándo se completa el tratamiento? | G7: ¿Cómo se realiza el monitoreo? | H7: Periodicidad | J7: Total de las acciones cumplidas | K7: Total de acciones definidas para cumplir en el período | L7: Resultado de cumplimiento | N7: ¿El riesgo se ha materializado? | O7: Resultado de cumplimiento | P7: Defina el impacto de la Materializaciòn
B9: =Matriz!A8 -> 1 | C9: =Matriz!C8 -> 44250 | D9: =Matriz!P8 -> Aplicación inmediata de las disposiciones legales y ajuste de los procesos internos de la entidad, y negociación en caso de requerirse modificación del contrato | E9: =Matriz!V8 -> Desde la fecha de la suscripción del acta de inicio | F9: =Matriz!W8 -> Hasta finalizar el plazo de ejecución del contrato | G9: =Matriz!X8 -> Permanente consulta y actualización normativa | H9: =Matriz!Y8 -> Cada vez que se requiera | J9: 5 | K9: 5 | L9: =+J9/K9 -> 1 | N9: NO | O9: =IF(N9="SI",0,100%) -> 1
B10: =Matriz!A9 -> 2 | C10: =Matriz!C9 -> 44250 | D10: =Matriz!P9 -> Acogerse a los valores unitarios ofertados como fijos, y que no esté sujeto a las variaciones del precio de los insumos requeridos en el mercado. | E10: =Matriz!V9 -> Desde el inicio de ejecución. | F10: =Matriz!W9 -> Hasta finalizar el contrato | G10: =Matriz!X9 -> Verificación por parte del supervisor del contrato que los valores facturados correspondan con los ofertados por el contratista en el proceso de contratción. | H10: =Matriz!Y9 -> Cada vez que se requiera | J10: 2 | K10: 2 | L10: =+J10/K10 -> 1 | N10: SI | O10: =IF(N10="SI",0,100%) -> 0
B11: =Matriz!A10 -> 3 | C11: =Matriz!C10 -> 44250 | D11: =Matriz!P10 -> Seguimiento del plan operativo de ejecución por parte del supervisor del contrato y elaboración de plan de mejoras en caso de requerirse. | E11: =Matriz!V10 -> Desde la fecha de la suscripción del acta de inicio | F11: =Matriz!W10 -> Hasta finalizar el plazo de ejecución del contrato | G11: =Matriz!X10 -> Actas de Seguimiento del contrato | H11: =Matriz!Y10 -> Permanente | J11: 1 | K11: 4 | L11: =+J11/K11 -> 0.25 | N11: SI | O11: =IF(N11="SI",0,100%) -> 0
B12: =Matriz!A11 -> 4 | C12: =Matriz!C11 -> 44250 | D12: =Matriz!P11 -> Reducir consecuencias y probabilidades mediante la aplicación del protocolo de seguridad. Aplicar el polinomio para la estimación de perjuicios por pérdidas de cuestionarios y preguntas o ítems de las pruebas que realiza el Icfes. | E12: =Matriz!V11 -> Desde la fecha de la suscripción del acta de inicio | F12: =Matriz!W11 -> Hasta finalizar el plazo de ejecución del contrato | G12: =Matriz!X11 -> Reuniones de seguimiento con el operador dejando como evidencia las actas de reunión y los informes de supervisión | H12: =Matriz!Y11 -> Permanente | J12: 1 | K12: 1 | L12: =+J12/K12 -> 1 | N12: NO | O12: =IF(N12="SI",0,100%) -> 1
B13: =Matriz!A12 -> 5 | C13: =Matriz!C12 -> 44250 | D13: =Matriz!P12 -> Modificar los planes de trabajo y verificación de planes de contingencia | E13: =Matriz!V12 -> Desde la fecha de la suscripción del acta de inicio | F13: =Matriz!W12 -> Hasta finalizar el plazo de ejecución del contrato | G13: =Matriz!X12 -> Verificación de las circunstancias por parte del supervisor del contrato | H13: =Matriz!Y12 -> Cada vez que se requiera | J13: 1 | K13: 4 | L13: =+J13/K13 -> 0.25 | N13: NO | O13: =IF(N13="SI",0,100%) -> 1
B14: =Matriz!A13 -> 6 | C14: =Matriz!C13 -> 44250 | D14: =Matriz!P13 -> Reducir las consecuencias o el impacto del Riesgo, incluyendo un plan de alternativas de ejecución de las actividades específicas, que mitiguen el riesgo durante la ejecución del contrato y que mantengan los valores unitarios de la oferta económica del mismo. Negociación al momento de presentarse la situación y analizar cuales son los gastos incurridos y soportados | E14: =Matriz!V13 -> Desde la fecha de la suscripción del acta de inicio | F14: =Matriz!W13 -> Hasta finalizar el plazo de ejecución del contrato | G14: =Matriz!X13 -> Verificación de las circunstancias por parte del supervisor del contrato Seguimiento plan de alternativas | H14: =Matriz!Y13 -> Cada vez que se requiera | J14: 1 | K14: 2 | L14: =+J14/K14 -> 0.5 | N14: NO | O14: =IF(N14="SI",0,100%) -> 1
B15: =Matriz!A14 -> 7 | C15: =Matriz!C14 -> 44250 | D15: =Matriz!P14 -> Reducir las consecuencias o el impacto del Riesgo, estableciendo claramente los costos para la aplicación de las pruebas, que mitiguen el riesgo durante la ejecución del contrato y que mantengan los valores unitarios de la oferta económica del mismo. | E15: =Matriz!V14 -> Durante la ejecución del contrato | F15: =Matriz!W14 -> Hasta la terminación del contrato | G15: =Matriz!X14 -> Mediante actas de comité | H15: =Matriz!Y14 -> Cada vez que se requiera | J15: 1 | K15: 1 | L15: =+J15/K15 -> 1 | N15: NO | O15: =IF(N15="SI",0,100%) -> 1
L16: =SUM(L9:L15)/COUNT(L9,L10,L11,L12,L13,L14,L15) -> 0.71428571 | O16: =SUM(O9:O15)/COUNT(O9,O10,O11,O12,O13,O14,O15) -> 0.71428571
B18: CRITERIOS | K18: META: | L18: 0.3 | N18: META: | O18: 0.7
K19: ALCANZADO: | L19: =+(L18*L16)/100% -> 0.21428571 | N19: ALCANZADO: | O19: =+(O18*O16)/100% -> 0.5
B20: AVANCE EN EL CUMPLIMIENTO DE LAS ACCIONES = Total de las acciones cumplidas / Total de acciones definidas para cumplir en el período | K20: Indice de Gestión de Riesgo Contractual | O20: =+L19+O19 -> 0.71428571
B21: EFECTIVIDAD EN LA GESTION DE LOS RIESGOS = NO Materialización del Riesgo - SI Materialización del Riesgo
K22: Gestión De Riesgos contractuales
B23: Eficacia – Cumplimiento de Acciones de control | E23: 0.3 | K23: Cumplió | O23: 90% – 100%
B24: Efectividad – NO Materialización del Riesgo | E24: 0.7 | K24: Cumplió parcialmente | O24: 60% – 89%
B25: TOTAL | E25: 1 | K25: No Cumplió | O25: 0% – 59%
A28: Este es un documento controlado; una vez se descargue o se imprima se considera NO CONTROLADO
